 Dungeon Crawl Stone Soup version 0.29-a0-275-g389c0b56f3 (webtiles) character file.

Game seed: 12934401250561288430

58 sammy202020 the Skirmisher (level 3, -1/32 HPs)
             Began as a Palentonga Fighter on Mar 9, 2022.
             Slain by a gnoll
             ... wielding a +0 halberd
              (3 damage)
             ... on level 2 of the Dungeon.
             The game lasted 00:02:41 (1152 turns).

sammy202020 the Skirmisher (Palentonga Fighter)     Turns: 1152, Time: 00:02:41

Health: -1/32      AC: 15    Str: 19    XL:     3   Next: 75%
Magic:  0/3        EV:  7    Int: 10    God:
Gold:   76         SH:  4    Dex:  9    Spells: 2/2 levels left

rFire   . . .      SeeInvis +   j - +2 mace (protect)
rCold   . . .      Faith    .   c - +0 buckler
rNeg    . . .      Spirit   .   b - +0 scale mail
rPois   .          Reflect  .   i - +1 helmet
rElec   .          Harm     .   (no cloak)
rCorr   .          Rampage  .   (no gloves)
Will    .....                   (no barding)
Stlth   ..........              (no amulet)
HPRegen 0.10/turn               (no ring)
MPRegen 0.08/turn               (no ring)

@: mighty, under a protective aura, studying Fighting
A: large, rugged brown scales 3, see invisible, deformed body, roll 1, armoured
tail
a: Rolling Charge


You were on level 2 of the Dungeon.
You visited 1 branch of the dungeon, and saw 2 of its levels.

You collected 76 gold pieces.

Inventory:

Hand Weapons
 a - a +0 flail
 j - a +2 mace of protection (weapon)
Armour
 b - a +0 scale mail (worn)
 c - a +0 buckler (worn)
 i - a +1 helmet (worn)
Wands
 g - a wand of acid (9)
Potions
 d - a potion of might
 f - a potion of curing
 h - a potion of heal wounds {unknown}


   Skills:
 * Level 3.7 Fighting
 * Level 2.5 Maces & Flails
 * Level 2.8 Armour
 + Level 0.5 Dodging
 * Level 2.8 Shields


You had 2 spell levels left.
You didn't know any spells.
Your spell library was empty.

Dungeon Overview and Level Annotations

Branches:
Dungeon (2/15)

Altars:


Innate Abilities, Weirdness & Mutations

You are completely covered in rugged brown scales. (AC +3, +7% HP)
You have supernaturally acute eyesight. (SInv)
Armour fits poorly on your strangely shaped body.
You can roll at nearby foes to attack.
You have a long armoured tail.


Message History

Your weapon exudes an aura of protection.
Your tail-slap misses the gnoll.
The gnoll is moderately wounded.
The gnoll hits you with a +0 antimagic halberd!
You are too injured to fight recklessly!
You are too injured to fight recklessly!
You are too injured to fight recklessly!
You are too injured to fight recklessly!
You are too injured to fight recklessly!
You are too injured to fight recklessly!
You are too injured to fight recklessly!
You are too injured to fight recklessly!
You are too injured to fight recklessly!
You are too injured to fight recklessly!
You are too injured to fight recklessly!
You completely miss the gnoll.
The gnoll is moderately wounded.
A gnoll comes into view.
It is wielding a +0 halberd and wearing the +6 chain mail of Divine Intervention {Fly rElec rC+ Stlth-}.
The gnoll hits you with a +0 antimagic halberd.
* * * LOW HITPOINT WARNING * * *
You hit the gnoll.
The gnoll is heavily wounded.
The gnoll barely misses you. x2; You block the gnoll's attack.
Okay, then.
You feel very mighty all of a sudden. The gnoll hits you but does no damage.
The gnoll barely misses you.
You hit the gnoll.
Your tail-slap misses the gnoll.
The gnoll is severely wounded.
The gnoll barely misses you. The gnoll completely misses you.
You hit the gnoll.
You kill the gnoll!
The gnoll hits you but does no damage. The gnoll closely misses you.
You see here a +0 antimagic halberd.
You hit the gnoll.
The gnoll is moderately wounded.
The gnoll hits you with a +0 halberd!
* * * LOW HITPOINT WARNING * * *
The gnoll hits you with a +0 halberd.
You die...

#.....#.)†.##P..
#..#..#.†####.PP
#..#..#..# #..♣
#..#..#..# ##..
##.##.##.## ##.
#..#)†#..# ##
########..#..#..#
#
.......#..#..#..#
# #.g@..#.....#
....
#.###########
###. .. #. ## #.


You could see a gnoll.

Vanquished Creatures
  A gnoll (D:2)
  A worm (D:2)
  A dart slug (D:2)
  3 endoplasms
  3 giant cockroaches
  3 goblins
  5 hobgoblins
  2 jackals (D:1)
  3 kobolds
  A quokka (D:1)
  8 ball pythons
  3 bats
  4 frilled lizards
  2 rats
40 creatures vanquished.

Vanquished Creatures (others)
  A plant (D:2)
1 creature vanquished.

Grand Total: 41 creatures vanquished

Notes
Turn   | Place    | Note
-------+----------+-------------------------------------------
     0 | D:1      | sammy202020 the Palentonga Fighter began the quest for the
                  | Orb.
     0 | D:1      | Reached XP level 1. HP: 19/19 MP: 1/1
   258 | D:1      | Reached XP level 2. HP: 25/25 MP: 2/2
   315 | D:1      | Identified a scroll of acquirement
   321 | D:1      | Acquired a manual of Fighting
   346 | D:1      | Found a faded altar of an unknown god.
   707 | D:1      | Reached XP level 3. HP: 29/31 MP: 3/3
  1146 | D:2      | Identified the +6 chain mail of Divine Intervention {Fly
                  | rElec rC+ Stlth-}
  1152 | D:2      | Slain by a gnoll

Illustrated notes

Levels and vault maps discovered:
D:1:      lemuel_arrival_behind_the_door_small, layout_loops_ring,
          hellmonk_ecumenical_altar_inner_sanctum,
          minmay_misc_feat_four_crosses, minmay_tetromino_i2
D:2:      minmay_angry_zag, layout_loops_ring, serial_forest,
          infiniplex_forest_clump_C, infiniplex_forest_lined_room_3,
          infiniplex_forest_lined_3, infiniplex_forest_clump_cross,
          infiniplex_forest_side_room, infiniplex_forest_lined_room_3,
          infiniplex_forest_straight_2, infiniplex_forest_clump_small,
          basic_altar, minmay_indecisive_spiral

Action                   || total
-------------------------++-------
Melee: Flail             ||     9
       Mace              ||    71
       Tailslap          ||     8
  Use: Scroll            ||     9
       Potion            ||     1
Armor: Scale mail        ||    41
Dodge: Dodged            ||    39
Block: Buckler           ||    20

Table legend: (Time is in decaauts)
 A = Elapsed time spent in this place.
 B = Non-inter-level travel time spent in this place.
 C = Inter-level travel time spent in this place.
 D = Time resting spent in this place.
 E = Time spent auto-exploring this place.
 F = Levels seen in this place.
 G = Mean time per level.
                   A        B        C        D        E       F      G
               +--------+--------+--------+--------+--------+-----+--------+
         Total |   1177 |   1177 |      0 |      0 |    906 |   2 |  588.5 |
       Dungeon |   1177 |   1177 |      0 |      0 |    906 |   2 |  588.5 |
               +--------+--------+--------+--------+--------+-----+--------+

Top non-repeatable levels by time:
     D:1: 984 daAuts
     D:2: 192 daAuts
